 Dungeon Crawl Stone Soup version 0.20.0 (webtiles) character file.

183 Danakh the Covered (level 5, 0/41 HPs)
             Began as a Minotaur Fighter on May 31, 2017.
             Was an Initiate of Hepliaklqana.
             Killed from afar by blisterpack's ghost (6 damage)
             ... with a puff of flame
             ... on level 4 of the Dungeon.
             The game lasted 00:05:59 (1891 turns).

Danakh the Covered (Minotaur Fighter)               Turns: 1891, Time: 00:06:00

Health: 0/41       AC: 11    Str: 24    XL:     5   Next: 35%
Magic:  4/4        EV:  7    Int:  5    God:    Hepliaklqana [......]
Gold:   245        SH: 10    Dex: 10    Spells: 4/4 levels left

rFire    . . .     SeeInvis .   a - +0 war axe
rCold    . . .     Gourm    +   c - +0 shield
rNeg     . . .     Faith    .   b - +0 scale mail
rPois    .         Spirit   .   (helmet restricted)
rElec    .         Reflect  .   (no cloak)
rCorr    .         Harm     .   (no gloves)
MR       .....                  (no boots)
Stlth    ..........             l - amulet of the gourmand
Regen    0.2/turn               v - +3 ring of strength
MPRegen  0.1/turn               h - +4 ring of protection

@: lethally poisoned (0 -> -3)
A: retaliatory headbutt, reduced essence, horns 2
a: Recall Ancestor, Ancestor Identity, Renounce Religion


You were on level 4 of the Dungeon.
You worshipped Hepliaklqana.
Hepliaklqana was noncommittal.
You were very full.

You visited 2 branches of the dungeon, and saw 5 of its levels.

You collected 245 gold pieces.

Inventory:

Hand Weapons
 a - a +0 war axe (weapon)
Armour
 b - a +0 scale mail (worn)
 c - a +0 shield (worn)
Jewellery
 h - a +4 ring of protection (right hand)
 l - an amulet of the gourmand (around neck)
 t - a +3 amulet of reflection {unknown}
 v - a +3 ring of strength (left hand)
Scrolls
 e - 2 scrolls of random uselessness {unknown}
 g - 3 scrolls of teleportation {unknown}
 j - 4 scrolls of identify {unknown}
 o - 2 scrolls of recharging {unknown}
 p - 4 scrolls of remove curse {unknown}
 x - 2 scrolls of blinking {unknown}
 y - a scroll of fear {unknown}
 B - a scroll of noise {unknown}
Potions
 d - a potion of might
 i - 3 potions of curing {unknown}
 n - 2 potions of resistance {unknown}
 q - a potion of haste {unknown}
 r - 3 potions of flight {unknown}
 s - a potion of degeneration {unknown}
 u - a potion of ambrosia {unknown}
 w - a potion of berserk rage {unknown}
 A - a potion of invisibility {unknown}
 C - a potion of brilliance {unknown}
Comestibles
 f - 2 bread rations
 k - 5 royal jellies
 m - 4 fruits
 z - a meat ration


   Skills:
 + Level 4.3 Fighting
 * Level 4.7 Axes
 + Level 4.8 Armour
 + Level 4.5 Shields


You had 4 spell levels left.
You didn't know any spells.

Dungeon Overview and Level Annotations

Branches:
Dungeon (4/15)             Temple (1/1) D:4

Altars:
Ashenzari
Cheibriados
Dithmenos
Elyvilon
Fedhas
Gozag
Hepliaklqana
Makhleb
Okawaru
Qazlal
Ru
Sif Muna
Vehumet
Xom
Yredelemnul
Zin
The Shining One

Annotations:
D:4 blisterpack's ghost, amateur DrFE


Innate Abilities, Weirdness & Mutations

You reflexively headbutt those who attack you in melee.
You have a pair of horns on your head.
Your life essence is reduced. (-10% HP)


Message History

You feel sick.
Henutemipet misses blisterpack's ghost.
Blisterpack's ghost hits Henutemipet!
Lightning courses through Henutemipet!
Henutemipet is destroyed!
You feel sick.
You feel sick.
You feel sick.
You feel sick.
You feel sick.
You feel sick.
You feel sick.
You feel sick.
Blisterpack's ghost gestures at you while chanting.
The puff of flame hits you!
You feel sick.
You feel sick.
You feel sick.
You feel sick.
Blisterpack's ghost points at you and mumbles some strange words.
The puff of flame hits you!
You die...

#.#.# #.#.# #.#.#
#.#.# ####### #.#W#
#.....#####
#.#.#####.........#
#.#.##.......<....##
#.##.##>....###...
#@##.##..<..####.⌠
#.##.###...#......
#.##.##......#####
#............#
####.##.....##
#.###...## #.# ##.##
#.# #.# ..# #.#


You could see blisterpack's ghost.

Vanquished Creatures
  An orc priest (D:4)
  An iguana (D:3)
  A worker ant (D:4)
  3 adders
  An ooze (D:1)
  A worm (D:4)
  A dart slug (D:1)
  A leopard gecko (D:2)
  4 orcs
  5 bats
  4 giant cockroaches
  11 goblins
  7 hobgoblins
  3 jackals (D:3)
  A ball python (D:1)
  3 frilled lizards
  8 kobolds
  7 rats
63 creatures vanquished.

Vanquished Creatures (collateral kills)
  A goblin (D:3)
1 creature vanquished.

Vanquished Creatures (others)
  An ancestor (D:4)
1 creature vanquished.

Grand Total: 65 creatures vanquished

Notes
Turn   | Place    | Note
-------+----------+-------------------------------------------
     0 | D:1      | Danakh the Minotaur Fighter began the quest for the Orb.
     0 | D:1      | Reached XP level 1. HP: 19/19 MP: 0/0
   131 | D:1      | Reached XP level 2. HP: 27/27 MP: 1/1
   443 | D:1      | Reached XP level 3. HP: 33/33 MP: 2/2
   678 | D:2      | Found a burning altar of Makhleb.
   682 | D:2      | Found a basalt altar of Yredelemnul.
  1141 | D:3      | Reached XP level 4. HP: 39/40 MP: 3/3
  1179 | D:3      | You fall through a shaft!
  1206 | D:4      | Found a staircase to the Ecumenical Temple.
  1216 | Temple   | Entered the Ecumenical Temple
  1336 | Temple   | Became a worshipper of Hepliaklqana the Forgotten
  1516 | D:3      | Reached XP level 5. HP: 40/41 MP: 4/4
  1868 | D:4      | Noticed blisterpack's ghost (amateur DrFE)
  1891 | D:4      | Killed from afar by blisterpack's ghost

Skill      XL: |  1  2  3  4 |
---------------+-------------+-----
Axes           | 3 4 |  4.7
Armour         | 4 |  4.8
Shields        | 4 |  4.5
Fighting       | 4 |  4.3

Action                   |  1- 3 |  4- 6 || total
-------------------------+-------+-------++-------
Melee: War axe           |    88 |    49 ||   137
       Headbutt          |     7 |     8 ||    15
 Stab: Distracted        |       |     1 ||     1
  Eat: Chunk             |    11 |     1 ||    12
Armor: Scale mail        |    57 |    19 ||    76
Dodge: Dodged            |    30 |    15 ||    45
Block: Shield            |    51 |    25 ||    76
